 Dungeon Crawl Stone Soup version 0.20.1-1-g8b1a95d (webtiles) character file.

10118 empire the Cleaver (level 11, -13/99 HPs)
             Began as a Minotaur Berserker on Oct 24, 2017.
             Was a High Priest of Trog.
             Mangled by a war gargoyle
             ... wielding a +2 flail of crushing
              (17 damage)
             ... on level 11 of the Dungeon on Oct 26, 2017.
             The game lasted 00:32:26 (11651 turns).

empire the Cleaver (Minotaur Berserker)            Turns: 11651, Time: 00:32:26

Health: -13/99     AC: 17    Str: 26    XL:     11   Next: 32%
Magic:  0/15       EV: 14    Int:  4    God:    Trog [*****.]
Gold:   748        SH:  0    Dex: 11    Spells: 10/10 levels left

rFire    . . .     SeeInvis .   b - +1 war axe (venom)
rCold    . . .     Gourm    .   (no shield)
rNeg     + . .     Faith    .   u - +0 scale mail
rPois    .         Spirit   +   (helmet restricted)
rElec    .         Reflect  .   n - +1 cloak
rCorr    .         Harm     .   q - +0 pair of gloves
MR       .....                  H - +2 pair of boots (curse)
Stlth    ..........             i - amulet of guardian spirit
Regen    0.3/turn               p - ring of positive energy
MPRegen  0.2/turn               (no ring)

@: about to teleport, vulnerable
A: retaliatory headbutt, horns 2, slimy green scales 1, strong 1
a: Berserk, Trog's Hand, Brothers in Arms, Burn Spellbooks, Renounce Religion


You were on level 11 of the Dungeon.
You worshipped Trog.
Trog was extremely pleased with you.
You were hungry.

You visited 2 branches of the dungeon, and saw 12 of its levels.
You also visited: Bailey.

You collected 748 gold pieces.

Inventory:

Hand Weapons
 b - a +1 war axe of venom (weapon)
 t - a cursed -1 spear
 y - a +3 halberd
Missiles
 o - 2 javelins of returning (quivered)
 G - 2 silver javelins
 P - 2 javelins of penetration
Armour
 e - a +0 troll leather armour
 n - a +1 cloak (worn)
 q - a +0 pair of gloves (worn)
 u - a +0 scale mail (worn)
 E - a +0 plate armour
 H - a cursed +2 pair of boots (worn)
Jewellery
 i - an amulet of guardian spirit (around neck)
 p - a ring of positive energy (left hand)
 Q - an uncursed amulet of regeneration
Wands
 r - a wand of flame (44/48)
 s - a wand of lightning (8/15)
 x - a wand of clouds (6/9)
 F - a wand of polymorph (4/24)
 N - a wand of acid (8/15)
 O - a wand of flame (29/48)
 W - a wand of random effects (18/48)
Scrolls
 d - 4 scrolls of enchant weapon
 f - 4 scrolls of teleportation
 j - 2 scrolls of magic mapping
 l - 6 scrolls of recharging
 v - 4 scrolls of remove curse
 D - 2 scrolls of summoning
 R - a scroll of fear
 U - 3 scrolls of acquirement
Potions
 a - a potion of berserk rage {unknown}
 g - a potion of might
 w - 6 potions of curing
 A - 2 potions of mutation
 B - a potion of flight
Miscellaneous
 I - a box of beasts
 V - a fan of gales
Comestibles
 c - 15 bread rations
 h - 7 fruits
 k - 9 royal jellies
 J - 3 meat rations


   Skills:
 + Level 10.1 Fighting
 + Level 10.3 Axes
 + Level 5.8 Throwing
 + Level 8.9 Armour
 + Level 7.6 Dodging
 + Level 7.2 Evocations


You had 10 spell levels left.
You didn't know any spells.

Dungeon Overview and Level Annotations

Branches:
Dungeon (11/15)            Temple (1/1) D:5            Lair (0/6) D:10
    Orc (0/2) D:11

Altars:
Ashenzari
Cheibriados
Fedhas
Gozag
Hepliaklqana
Kikubaaqudgha
Makhleb
Nemelex Xobeh
Okawaru
Qazlal
Ru
Sif Muna
Trog
Uskayaw
Vehumet
Xom
Yredelemnul
Zin
The Shining One

Shops:
D:6 (


Innate Abilities, Weirdness & Mutations

You reflexively headbutt those who attack you in melee.
You have a pair of horns on your head.
You are partially covered in slimy green scales. (AC +2)
Your muscles are strong. (Str +2)


Message History

You headbutt the war gargoyle, but do no damage.
The war gargoyle is lightly damaged.
The war gargoyle hits you with a flail of crushing.
You completely miss the war gargoyle.
The war gargoyle is lightly damaged.
You hit the war gargoyle but do no damage.
You headbutt the war gargoyle.
The war gargoyle is lightly damaged.
The war gargoyle hits you with a flail of crushing!
You hit the war gargoyle but do no damage.
The war gargoyle is lightly damaged.
You feel yourself slow down.
The war gargoyle hits you with a flail of crushing!!
* * * LOW HITPOINT WARNING * * *
x2 The war gargoyle launches metal splinters at you.
The spray of metal splinters hits you!
As you read the scroll of teleportation, it crumbles to dust.
You feel strangely unstable.
The war gargoyle hits you with a flail of crushing!
You die...

,,...............,,..........###.
,,..........##########....#### #.
,,..........#........#....######.
,,..........#⌠...)..⌠#...........
,,########..#.._.._..#...........
,,* #..'⌠......⌠'..#######.. ***
##.##########..# #..
#.###$$($###..# ###
#J##..@...##..# #..##.9..##...#
#...#8..8#....# #.............#
#########.....# *#####*


You could see a war gargoyle.

Vanquished Creatures
  The ghost of Ymberto the Thaumaturge, a novice DEFE of Sif Muna (Bailey)
  A phantasmal warrior (D:11)
  2 orc knights (Bailey)
  A manticore (D:9)
  An ugly thing (D:8)
  Maurice (D:8)
  Joseph (D:8)
  A gargoyle (D:11)
  A troll (D:11)
  A hippogriff (D:7)
  A wraith (D:9)
  A vampire (D:11)
  A yak (D:7)
  3 hogs (D:7)
  A human (D:7)
  A steam dragon (D:9)
  A vampire mosquito (D:11)
  A hungry ghost (D:9)
  A soldier ant (D:9)
  An ice beast (D:6)
  10 orc warriors
  2 sky beasts
  A necrophage (D:9)
  3 phantoms
  4 ogres
  An eye of draining (D:11)
  3 centaurs
  A big kobold (D:9)
  6 bullfrogs
  3 scorpions
  4 killer bees (D:8)
  3 howler monkeys
  A centaur zombie (D:3)
  2 crimson imps
  5 hounds
  4 jellies
  3 orc priests
  2 bullfrog skeletons (D:6)
  A centaur skeleton (D:7)
  6 iguanas
  8 orc wizards
  Terence (D:2)
  7 worker ants
  A killer bee zombie (D:5)
  2 hound skeletons
  A worker ant zombie (D:6)
  15 adders
  9 gnolls
  2 shadow imps
  An ooze (D:3)
  3 worms
  A dart slug (D:2)
  5 leopard geckos
  53 orcs
  A ball python (D:1)
  4 bats
  3 giant cockroaches
  10 goblins
  7 hobgoblins
  7 jackals
  3 quokkas
  4 frilled lizards
  A jackal skeleton (D:6)
  8 kobolds
  2 leopard gecko skeletons
  A quokka skeleton (D:7)
  6 rats
254 creatures vanquished.

Vanquished Creatures (collateral kills)
  2 orc warriors (Bailey)
  4 orcs (Bailey)
6 creatures vanquished.

Grand Total: 260 creatures vanquished

Notes
Turn   | Place    | Note
-------+----------+-------------------------------------------
     0 | D:1      | empire the Minotaur Berserker began the quest for the Orb.
     0 | D:1      | Reached XP level 1. HP: 19/19 MP: 0/0
   299 | D:1      | Reached XP level 2. HP: 26/26 MP: 1/1
   650 | D:2      | Found an opulent altar of Gozag.
   667 | D:2      | Reached skill level 5 in Axes
   723 | D:2      | Found a bloodstained altar of Trog.
   741 | D:2      | Found a faded altar of an unknown god.
   814 | D:2      | Noticed Terence
   826 | D:2      | Killed Terence
   826 | D:2      | Reached XP level 3. HP: 13/31 MP: 2/2
  1204 | D:2      | Reached XP level 4. HP: 33/39 MP: 1/3
  1479 | D:2      | Found a radiant altar of Vehumet.
  1565 | D:3      | Reached ** piety under Trog
  1598 | D:3      | Reached skill level 1 in Evocations
  1599 | D:3      | Reached XP level 5. HP: 46/46 MP: 2/4
  2567 | D:4      | Found an iron altar of Okawaru.
  2577 | D:4      | Reached XP level 6. HP: 52/55 MP: 6/6
  2580 | D:4      | Reached skill level 5 in Fighting
  3583 | D:5      | Entered Level 5 of the Dungeon
  3621 | D:5      | Reached XP level 7. HP: 45/62 MP: 6/8
  3664 | D:5      | Found a glowing golden altar of the Shining One.
  3744 | D:5      | Found a sparkling altar of Nemelex Xobeh.
  3804 | D:5      | Found a staircase to the Ecumenical Temple.
  3828 | Temple   | Entered the Ecumenical Temple
  4000 | D:5      | Gained mutation: You are partially covered in slimy green scales. (AC +2) [mutagenic meat]
  4001 | D:5      | Gained mutation: Your muscles are strong. (Str +2) [mutagenic meat]
  4239 | D:5      | Reached *** piety under Trog
  4852 | D:5      | Reached XP level 8. HP: 28/71 MP: 6/10
  5403 | D:6      | Received a gift from Trog
  5783 | D:6      | Found Umehuqavugh's Weapon Shoppe.
  5813 | D:6      | Reached skill level 1 in Throwing
  5813 | D:6      | Reached skill level 5 in Armour
  6522 | D:7      | Noticed a hippogriff
  6531 | D:7      | Killed a hippogriff
  6531 | D:7      | Reached skill level 5 in Evocations
  6531 | D:7      | Reached XP level 9. HP: 57/81 MP: 6/11
  6710 | D:7      | Reached skill level 5 in Dodging
  6811 | D:7      | Reached **** piety under Trog
  7054 | D:7      | Found a blossoming altar of Fedhas.
  7561 | D:8      | Noticed Maurice
  7585 | D:8      | Received a gift from Trog
  7640 | D:8      | Noticed Joseph
  7652 | D:8      | Killed Joseph
  7724 | D:8      | Noticed a purple ugly thing
  7735 | D:8      | Killed a purple ugly thing
  7735 | D:8      | Reached XP level 10. HP: 67/90 MP: 10/13
  7854 | D:8      | Identified 2 scrolls of acquirement
  7859 | D:8      | Killed Maurice
  7926 | D:8      | Found a deep blue altar of Sif Muna.
  8390 | D:9      | Noticed a manticore
  8400 | D:9      | Killed a manticore
  8648 | D:9      | Identified the Almanac of Arcane Weapons
  9154 | D:9      | Reached ***** piety under Trog
  9519 | D:9      | Received a gift from Trog
  9772 | D:10     | Entered Level 10 of the Dungeon
  9814 | D:10     | Reached skill level 5 in Throwing
  9955 | D:10     | Found a staircase to the Lair.
 10709 | D:11     | Found a flagged portal.
 10757 | Bailey   | Entered a bailey
 10785 | Bailey   | Noticed Ymberto's ghost (novice DEFE)
 10798 | Bailey   | Killed Ymberto's ghost
 11026 | Bailey   | Reached XP level 11. HP: 40/99 MP: 6/15
 11034 | Bailey   | Reached skill level 10 in Axes
 11354 | Bailey   | Noticed an orc knight
 11361 | Bailey   | Noticed an orc knight
 11361 | Bailey   | Killed an orc knight
 11384 | Bailey   | Killed an orc knight
 11384 | Bailey   | Reached skill level 10 in Fighting
 11575 | D:11     | Found a stormy altar of Qazlal.
 11575 | D:11     | Found a radiant altar of Vehumet.
 11578 | D:11     | Noticed a phantasmal warrior
 11608 | D:11     | Killed a phantasmal warrior
 11611 | D:11     | Noticed a war gargoyle
 11649 | D:11     | HP: 4/99 [war gargoyle/flail of crushing (4)]
 11651 | D:11     | Mangled by a war gargoyle

Skill      XL: |  1  2  3  4  5  6  7  8  9 10 11 |
---------------+----------------------------------+-----
Axes           | 4 5 6 7 9 10 | 10.3
Evocations     | 1 2 3 4 5 6 7 |  7.2
Fighting       | 4 5 6 7 8 9 10 | 10.1
Armour         | 3 4 5 7 8 |  8.9
Dodging        | 3 4 6 7 |  7.6
Throwing       | 2 4 5 |  5.8

Action                   |  1- 3 |  4- 6 |  7- 9 | 10-12 || total
-------------------------+-------+-------+-------+-------++-------
Melee: Hand axe          |    51 |   106 |   198 |       ||   355
       Headbutt          |     7 |    21 |    68 |    56 ||   152
       War axe           |       |       |   128 |   263 ||   391
Throw: Javelin           |       |       |     2 |     9 ||    11
Invok: Berserk           |       |     1 |       |       ||     1
       Trog's Hand       |       |       |     1 |     4 ||     5
       Burn Spellbooks   |       |       |     1 |     1 ||     2
       Brothers in Arms  |       |       |       |     1 ||     1
Evoke: Wand              |       |       |     2 |     4 ||     6
  Use: Scroll            |       |       |     8 |    24 ||    32
       Potion            |       |       |     1 |    16 ||    17
 Stab: Sleeping          |       |       |     1 |       ||     1
  Eat: Chunk             |       |     9 |    16 |    15 ||    40
Armor: Animal skin       |     9 |       |       |       ||     9
       Leather armour    |       |    21 |    62 |       ||    83
       Scale mail        |       |       |    48 |   159 ||   207
Dodge: Dodged            |    38 |    55 |   237 |   229 ||   559
